 Dungeon Crawl Stone Soup version 0.19.1 (webtiles) character file.

1716 Gargoyl the Chopper (level 9, -8/73 (74) HPs)
             Began as a Ghoul Abyssal Knight on Dec 8, 2016.
             Was a Priest of Lugonu.
             Killed from afar by an electric eel (12 damage)
             ... with a bolt of electricity
             ... on level 5 of the Dungeon.
             The game lasted 00:09:34 (4903 turns).

Gargoyl the Chopper (Ghoul Abyssal Knight)          Turns: 4903, Time: 00:09:35

HP:   -8/73 (74)    AC: 16    Str: 24    XL:     9   Next: 4%
MP:   0/11          EV:  8    Int:  7    God:    Lugonu [***...]
Gold: 206           SH:  0    Dex: 10    Spells: 0 memorised, 8 levels left

rFire  . . .     SeeInvis .     e - +10 war axe "Byunt" {chop, +Blink Dex+2}
rCold  + . .     Gourm    .     v - +0 chain mail
rNeg   + + +     Faith    .     (no shield)
rPois  ∞         Spirit   +     p - +2 hat of the Bear Spirit {Spirit, +Rage rN+ MR++}
rElec  .         Reflect  .     k - +1 cloak
rCorr  .         Harm     .     t - +1 pair of gloves
MR     ++...                    (no boots)
Stlth  ..........               (no amulet)
                                (no ring)
                                i - +5 ring of strength

@: flying, rotting
A: rotting body, claws 1, carnivore 3, cold resistance 1, negative energy
resistance 3, slow regeneration 1, torment resistance, unbreathing
a: Depart the Abyss, Bend Space, Banish, Renounce Religion, Evoke Blink


You were on level 5 of the Dungeon.
You worshipped Lugonu.
Lugonu was most pleased with you.
You were very hungry.

You visited 1 branch of the dungeon, and saw 5 of its levels.
You visited the Abyss 1 time.

You collected 206 gold pieces.

Inventory:

Hand Weapons
 a - a +2 hand axe
 e - the +10 war axe "Byunt" (weapon) {chop, +Blink Dex+2}
   (You found it on level 2 of the Abyss)

   It inflicts extra damage upon your enemies.
   It affects your dexterity (+2).
   It lets you blink.
Missiles
 j - 3 tomahawks of dispersal (quivered)
Armour
 k - a +1 cloak (worn)
 p - the +2 hat of the Bear Spirit (worn) {Spirit, +Rage rN+ MR++}
   (You found it on level 5 of the Dungeon)

   It protects you from negative energy.
   It affects your resistance to hostile enchantments.
   It lets you go berserk.
 t - a +1 pair of gloves (worn)
 v - a +0 chain mail (worn)
Jewellery
 i - a +5 ring of strength (left hand)
 l - an uncursed ring of positive energy {unknown}
Wands
 f - a wand of random effects (27/48)
 s - a wand of slowing (35/48)
Scrolls
 o - a scroll of enchant weapon
 r - a scroll of teleportation
Potions
 b - 3 potions of brilliance
 d - 2 potions of magic
 g - 2 potions of agility
 m - 4 potions of flight
 n - 6 potions of curing
Comestibles
 c - 3 meat rations
 h - a slice of pizza


   Skills:
 + Level 5.4 Fighting
 + Level 6.8 Axes
 + Level 1.0 Throwing
 * Level 5.4 Armour
 + Level 1.1 Dodging
 + Level 1.0 Stealth
 * Level 5.2 Invocations


You had 8 spell levels left.
You didn't know any spells.

Dungeon Overview and Level Annotations

Branches:
Dungeon (5/15)             Temple (0/1) D:5

Altars:
Gozag
Nemelex Xobeh
Qazlal
Sif Muna


Innate Abilities, Weirdness & Mutations

Your body is rotting away.
You thrive on raw meat.
You are immune to poison.
You have sharp fingernails.
You are carnivorous and can eat meat at any time.
Your flesh is cold resistant. (rC+)
You are immune to negative energy. (rN+++)
You regenerate slowly when monsters are visible.
You are immune to unholy pain and torment.
You can survive without breathing.


Message History

You fail to use your ability.
The electric eel shoots out a bolt of lightning at you!
The bolt of electricity hits you!
The electric eel shoots out a bolt of lightning at you!
The bolt of electricity hits the plant.
The plant is destroyed!
The bolt of electricity hits you!
* * * LOW HITPOINT WARNING * * *
The bolt of electricity hits you!
* * * LOW HITPOINT WARNING * * *
It was a potion of curing.
You feel better.
The electric eel shoots out a bolt of lightning at you!
The bolt of electricity hits you!
* * * LOW HITPOINT WARNING * * *
It was a potion of flight.
You feel very buoyant.
You fly up into the air.
The electric eel shoots out a bolt of lightning at you!
The bolt of electricity hits you!
You die...

######...#..#########
#....#
######...#..........#
######
.........#..........#
....................#
.......>...##########
.#.....#####...≈≈##
.#.#######≈).####.##
.#.<##..≈≈≈##'..##.#
.#..#..#####....@#.#
.#..###'..##.....#.#
######.....#PP.P.#≈#
.....#.....#.;P≈.#†#
....##.≈..≈#≈(?.?#≈#
.....#.≈≈..#≈≈≈;;#≈#
.....#..≈[.##≈≈≈##≈#
###..#≈≈≈≈≈######≈##
#..##≈≈≈##≈....##


You could see 3 electric eels.

Vanquished Creatures
  Grinder (D:4)
  A hippogriff (D:4)
  The ghost of Perturabo the Shield-Bearer, an amateur HOFi (D:4)
  A hungry ghost (D:4)
  2 ogres (D:4)
  A bullfrog (D:4)
  A scorpion (D:4)
  A crimson imp (D:5)
  A centaur zombie (D:5)
  A hound (D:4)
  2 orc priests (D:5)
  A centaur skeleton (D:5)
  3 worker ants
  Natasha (thrice) (D:2)
  6 orc wizards (D:5)
  9 adders
  A shadow imp (D:5)
  An ooze (D:4)
  An adder skeleton (D:5)
  An adder zombie (D:5)
  3 worms
  5 dart slugs
  3 leopard geckos
  21 orcs
  2 bats
  3 giant cockroaches
  8 goblins
  11 hobgoblins
  A jackal (D:1)
  2 quokkas
  4 frilled lizards
  A giant cockroach zombie (D:5)
  2 jackal skeletons
  4 kobolds
  5 rats
114 creatures vanquished.

Vanquished Creatures (others)
  3 electric eels (D:5)
  3 plants (D:5)
  4 tentacles (Abyss:2)
10 creatures vanquished.

Grand Total: 124 creatures vanquished

Notes
Turn   | Place    | Note
-------+----------+-------------------------------------------
     0 | Abyss:1  | Gargoyl the Ghoul Abyssal Knight began the quest for the Orb.
     0 | Abyss:1  | Reached XP level 1. HP: 19/19 MP: 1/1
    28 | Abyss:1  | Found a deep blue altar of Sif Muna.
    32 | Abyss:2  | Noticed a kraken
    51 | Abyss:2  | Got a blackened war axe
    52 | Abyss:2  | Identified the +10 war axe "Byunt" {chop, +Blink Dex+2} (You found it on level 2 of the Abyss)
    86 | Abyss:2  | Noticed a neqoxec
    87 | D:1      | Escaped the Abyss
   220 | D:1      | Reached XP level 2. HP: 26/26 MP: 2/2
   229 | D:1      | Reached skill level 2 in Axes
   277 | D:1      | Reached * piety under Lugonu
   502 | D:1      | Reached XP level 3. HP: 33/33 MP: 3/3
  1112 | D:2      | Reached XP level 4. HP: 40/40 MP: 4/4
  1189 | D:2      | Noticed Natasha
  1193 | D:2      | Killed Natasha
  1277 | D:2      | Noticed Natasha
  1288 | D:2      | Killed Natasha
  1288 | D:2      | Reached skill level 3 in Axes
  1290 | D:2      | Noticed Natasha
  1296 | D:2      | Killed Natasha
  1296 | D:2      | Reached XP level 5. HP: 45/46 MP: 6/6
  1731 | D:3      | Reached ** piety under Lugonu
  2047 | D:3      | Found an opulent altar of Gozag.
  2047 | D:3      | Found a deep blue altar of Sif Muna.
  2070 | D:3      | Found a stormy altar of Qazlal.
  2070 | D:3      | Found a faded altar of an unknown god.
  2082 | D:3      | Found a faded altar of an unknown god.
  2084 | D:3      | Found a faded altar of an unknown god.
  2087 | D:3      | Found a faded altar of an unknown god.
  2342 | D:4      | Noticed an ogre
  2347 | D:4      | Killed an ogre
  2347 | D:4      | Reached XP level 6. HP: 38/52 MP: 7/7
  2495 | D:4      | Noticed Grinder
  2510 | D:4      | Killed Grinder
  2510 | D:4      | Reached skill level 4 in Axes
  2510 | D:4      | Reached XP level 7. HP: 51/60 MP: 8/8
  2618 | D:4      | Reached skill level 1 in Stealth
  2728 | D:4      | Noticed Perturabo's ghost (amateur HOFi)
  2738 | D:4      | Killed Perturabo's ghost
  2738 | D:4      | Reached skill level 5 in Axes
  2738 | D:4      | Reached skill level 1 in Throwing
  2776 | D:4      | Reached XP level 8. HP: 67/67 MP: 8/10
  2857 | D:4      | Found a sparkling altar of Nemelex Xobeh.
  2859 | D:4      | Noticed a hippogriff
  2870 | D:4      | Reached skill level 1 in Dodging
  2875 | D:4      | Killed a hippogriff
  2875 | D:4      | Reached skill level 5 in Fighting
  2875 | D:4      | Reached skill level 6 in Axes
  3313 | D:5      | Entered Level 5 of the Dungeon
  3453 | D:5      | Reached *** piety under Lugonu
  3538 | D:5      | Reached skill level 5 in Armour
  3590 | D:5      | Reached skill level 5 in Invocations
  3666 | D:5      | Found a staircase to the Ecumenical Temple.
  3958 | D:5      | Reached XP level 9. HP: 73/73 MP: 11/11
  4903 | D:5      | Killed from afar by an electric eel

Skill      XL: |  1  2  3  4  5  6  7  8 |
---------------+-------------------------+-----
Axes           | 2 3 4 5 6 |  6.8
Armour         | 2 3 4 5 |  5.4
Fighting       | 4 5 |  5.4
Invocations    | 3 4 5 |  5.2
Stealth        | 1 |  1.0
Throwing       | 1 |  1.0
Dodging        | 1 |  1.1

Action                   |  1- 3 |  4- 6 |  7- 9 || total
-------------------------+-------+-------+-------++-------
Melee: War axe           |    36 |    77 |    98 ||   211
Throw: Tomahawk          |       |     3 |       ||     3
Invok: Depart the Abyss  |     1 |       |       ||     1
       Banish            |       |       |     3 ||     3
  Use: Scroll            |       |     7 |     7 ||    14
       Potion            |       |       |     2 ||     2
  Eat: Chunk             |     9 |     7 |     7 ||    23
Armor: Scale mail        |    22 |    33 |       ||    55
       Chain mail        |       |    26 |    76 ||   102
Dodge: Dodged            |    19 |    36 |    43 ||    98
